 Dungeon Crawl Stone Soup version 0.30.1-11-g7821555f0a (webtiles) character file.

Game seed: 5050667790511858413

609 KittyFluff the Cudgeller (level 7, -6/44 HPs)
             Began as a Gargoyle Berserker on Nov 8, 2023.
             Was a Priest of Trog.
             Mangled by an ogre
             ... wielding a +0 giant spiked club
              (26 damage)
             ... on level 5 of the Dungeon.
             The game lasted 00:15:08 (3709 turns).

KittyFluff the Cudgeller (Gargoyle Berserker)       Turns: 3709, Time: 00:15:08

Health: -6/44      AC: 19    Str: 23    XL:     7   Next: 43%
Magic:  7/7        EV: 12    Int:  7    God:    Trog [***...]
Gold:   88         SH:  0    Dex:  9    Spells: 6/6 levels left

rFire   . . .        t - +0 mace (protect)
rCold   . . .        (no shield)
rNeg    + . .        a - +2 leather armour {rPois}
rPois   ∞            (no helmet)
rElec   +            (no cloak)
rCorr   .            A - +0 pair of gloves
SInv    .            r - +0 pair of boots
Will    +....        (no amulet)
Stlth   ++           k - ring of willpower
HPRegen 0.27/turn    (no ring)
MPRegen 0.10/turn

%: no passive effects
@: under a protective aura
A: sickness immunity, AC +4, negative energy resistance 1, electricity
resistance, torment resistance 1, petrification resistance
a: Renounce Religion, Berserk, Trog's Hand


You were on level 5 of the Dungeon.
You worshipped Trog.
Trog was most pleased with you.
You visited 1 branch of the dungeon, and saw 5 of its levels.

You collected 88 gold pieces.

Inventory:

Hand Weapons
 t - a +0 mace of protection (weapon)
 w - a +0 quarterstaff
 y - a +0 sling
Missiles
 g - 6 poisoned darts (quivered)
Armour
 a - a +2 leather armour of poison resistance (worn)
 l - a +3 ring mail
 r - a +0 pair of boots (worn)
 A - a +0 pair of gloves (worn)
Jewellery
 e - a ring of ice
 k - a ring of willpower (left hand)
Wands
 D - a wand of flame (10)
Scrolls
 d - a scroll of silence {unknown}
 f - a scroll of fog {unknown}
 j - 2 scrolls of teleportation {unknown}
 n - a scroll of vulnerability {unknown}
 o - 3 scrolls of amnesia {unknown}
 p - 3 scrolls of magic mapping {unknown}
 q - a scroll of blinking {unknown}
 s - a scroll of enchant weapon {unknown}
 z - 2 scrolls of fear {unknown}
 B - a scroll of butterflies {unknown}
Potions
 b - 2 potions of cancellation
 c - a potion of lignification
 h - 2 potions of curing
 i - a potion of haste {unknown}
 m - 4 potions of heal wounds {unknown}
 u - a potion of invisibility {unknown}
 v - a potion of degeneration {unknown}
 x - 2 potions of attraction {unknown}


   Skills:
 + Level 4.4 Fighting
 * Level 5.2 Maces & Flails
 * Level 5.0 Armour
 + Level 2.7 Dodging
 + Level 3.1 Stealth


You had 6 spell levels left.
You didn't know any spells.
Your spell library was empty.

Dungeon Overview and Level Annotations

Branches:
Dungeon (5/15)
 Temple: D:4-7

Altars:
Makhleb

Shops:
D:2 [

Annotations:
D:5 Dowan, Duvessa


Innate Abilities, Weirdness & Mutations

You are immune to sickness and miasma.
Your stone body is resilient. (AC +4)
You are immune to poison.
You resist negative energy. (rN+)
You are resistant to electric shocks. (rElec)
You are resistant to unholy torment.
You are immune to petrification.


Message History

You hit the hound.
The hound is heavily wounded.
The hound bites you but does no damage.
You hit the hound.
The hound is severely wounded.
The hound bites you but does no damage. The hound closely misses you.
You hit the hound.
You kill the hound!
Trog accepts your kill.
Your Armour skill increases to level 5!
You see here a hound corpse.
Found a stone staircase leading down.
There is a stone staircase leading down here.
Found a green potion.
Found a stone staircase leading down.
m - 4 green potions (gained 1)
An ogre comes into view. It is wielding a +0 giant spiked club.
The ogre shouts!
An adder comes into view.
The adder hisses angrily.
You hit the ogre.
Your weapon exudes an aura of protection.
The ogre is lightly wounded.
The ogre hits you with a +0 giant spiked club!
You sock the ogre!
The ogre is moderately wounded.
The ogre closely misses you.
You hit the ogre.
The ogre is heavily wounded.
The ogre closely misses you.
You sock the ogre!
The ogre is almost dead.
The ogre hits you with a +0 giant spiked club!
You barely miss the ogre.
The ogre is almost dead.
You completely miss the ogre.
The ogre is almost dead.
The ogre hits you with a +0 giant spiked club!!
Ouch! That really hurt!
You die...

## #.## #### ## .
#...##..# #.## #
#.##....#@.# #..# #
#......O.## ##.# #
##......# #.# ### ##.....#
#.# ###.. ##....#
#.###.... ####...#
##.......#
####.##...#######.....###.
..................#..## #.
.............###..###....#


You could see an ogre.

Vanquished Creatures
  2 black bears
  2 scorpions (D:4)
  A sleepcap (D:4)
  2 orc priests (D:2)
  A hound (D:5)
  2 iguanas (D:4)
  An orc wizard (D:2)
  2 adders
  A worm (D:2)
  3 dart slugs
  14 orcs
  An endoplasm (D:2)
  2 giant cockroaches
  10 goblins
  7 hobgoblins
  A jackal (D:1)
  4 quokkas
  9 ball pythons
  5 bats
  4 frilled lizards
  5 kobolds
  6 rats
85 creatures vanquished.

Notes
Turn   | Place    | Note
-------+----------+-------------------------------------------
     0 | D:1      | KittyFluff the Gargoyle Berserker began the quest for the
                  | Orb.
     0 | D:1      | Reached XP level 1. HP: 14/14 MP: 1/1
   183 | D:1      | Reached XP level 2. HP: 17/19 MP: 2/2
   561 | D:1      | Reached XP level 3. HP: 22/23 MP: 3/3
   582 | D:1      | You fall into a shaft and drop 1 floor!
   875 | D:2      | Reached ** piety under Trog
   886 | D:2      | Found Zyduopt's Armour Shop.
  1305 | D:2      | Reached skill level 1 in Stealth
  1662 | D:2      | Reached XP level 4. HP: 28/28 MP: 4/4
  1707 | D:2      | Reached XP level 5. HP: 22/33 MP: 5/5
  2068 | D:3      | Reached *** piety under Trog
  2208 | D:3      | Noticed a black bear
  2217 | D:3      | Killed a black bear
  2218 | D:3      | Reached XP level 6. HP: 35/38 MP: 6/6
  2658 | D:4      | Noticed a black bear
  2669 | D:4      | Killed a black bear
  2670 | D:4      | Reached XP level 7. HP: 37/43 MP: 7/7
  2697 | D:4      | Reached skill level 5 in Maces & Flails
  3166 | D:4      | Found a burning altar of Makhleb.
  3337 | D:5      | Entered Level 5 of the Dungeon
  3337 | D:5      | Noticed Duvessa
  3337 | D:5      | Noticed Dowan
  3542 | D:5      | Reached skill level 5 in Armour
  3709 | D:5      | Mangled by an ogre

Illustrated notes

Levels and vault maps discovered:
D:1:      saegor_arrival_under_anarchy, layout_basic, minmay_indecisive_spiral
D:2:      layout_basic, serial_shops, shop
D:3:      layout_basic, minmay_goblin_outpost
D:4:      layout_loops_ring, mainiacjoe_overflow_small_starburst
D:5:      layout_layer_cave, nicolae_qazlal_style_of_elements,
          kennysheep_generic_room_10, uniq_grinder, uniq_duvessa

Skill      XL: |  1  2  3  4  5  6  7 |
---------------+----------------------+-----
Stealth        | 1 2 3 |  3.1
Armour         | 3 4 5 |  5.0
Dodging        | 2 |  2.7
Maces & Flails | 4 5 |  5.2
Fighting       | 4 |  4.4

Action                     |  1- 3 |  4- 6 |  7- 9 || total
---------------------------+-------+-------+-------++-------
  Melee: Mace              |   124 |   152 |    61 ||   337
         Punch             |       |     1 |     2 ||     3
  Throw: Dart              |       |     1 |       ||     1
 Invoke: Berserk           |     1 |       |       ||     1
    Use: Scroll            |       |     4 |     1 ||     5
   Stab: Sleeping          |     1 |     1 |     1 ||     3
 Armour: Animal skin       |    41 |     2 |       ||    43
         Leather armour    |       |    97 |    21 ||   118
  Dodge: Dodged            |    78 |   119 |    39 ||   236
